 Dungeon Crawl Stone Soup version 0.20.1-1-g8b1a95d (webtiles) character file.

590 polve the Changer (level 7, -1/52 HPs)
             Began as a Red Draconian Transmuter on Aug 7, 2017.
             Was an Initiate of Okawaru.
             Slain by an ogre
             ... wielding a +0 giant club
              (11 damage)
             ... on level 4 of the Dungeon.
             The game lasted 00:09:34 (6128 turns).

polve the Changer (Red Draconian Transmuter)        Turns: 6128, Time: 00:09:35

Health: -1/52      AC:  7    Str: 13    XL:     7   Next: 15%
Magic:  10/10      EV: 12    Int: 15    God:    Okawaru [......]
Gold:   173        SH:  0    Dex: 11    Spells: 4/10 levels left

rFire    + . .     SeeInvis .     - Unarmed
rCold    + . .     Gourm    .   (no shield)
rNeg     . . .     Faith    .   (armour unavailable)
rPois    .         Spirit   .   (helmet restricted)
rElec    .         Reflect  .   (no cloak)
rCorr    .         Harm     .   (no gloves)
MR       +....                  l - +0 pair of boots
Stlth    +.........             m - amulet of rage
Regen    0.2/turn               (no ring)
MPRegen  0.2/turn               (no ring)

@: no status effects
A: breathe fire, unfitting armour, stinger 1, cold resistance 1, fire resistance
1, magic resistance 1, cold-blooded, AC +6
a: Breathe Fire, Renounce Religion, Evoke Berserk Rage


You were on level 4 of the Dungeon.
You worshipped Okawaru.
Okawaru was noncommittal.
You were very hungry.

You visited 1 branch of the dungeon, and saw 4 of its levels.

You collected 173 gold pieces.

Inventory:

Missiles
 a - 30 arrows (quivered)
Armour
 l - a +0 pair of boots (worn)
 t - a +2 pair of gloves
Jewellery
 m - an amulet of rage (around neck)
Scrolls
 d - a scroll of fear {unknown}
 e - 4 scrolls of remove curse
 g - 2 scrolls of teleportation
 h - 4 scrolls of identify
 i - a scroll of amnesia {unknown}
 j - a scroll of random uselessness {unknown}
 o - a scroll of magic mapping {unknown}
 p - a scroll of noise {unknown}
 s - a scroll of recharging {unknown}
Potions
 q - 3 potions of curing
Books
 b - a book of Changes

   Spells                             Type                      Level
   a - Beastly Appendage              Transmutation                1
   b - Sticks to Snakes               Transmutation                2
   c - Spider Form                    Transmutation/Poison         3
   d - Ice Form                       Ice/Transmutation            4
   e - Blade Hands                    Transmutation                5
Comestibles
 c - 5 bread rations
 r - 4 fruits


   Skills:
 - Level 1.1 Fighting
 - Level 1.7 Dodging
 - Level 3.0 Unarmed Combat
 - Level 2.0 Spellcasting
 + Level 6.4 Transmutations
 - Level 4.4 Poison Magic


You had 4 spell levels left.
You knew the following spells:

 Your Spells              Type           Power        Failure   Level  Hunger
a - Beastly Appendage     Tmut           ###...       1%          1    #......
b - Sticks to Snakes      Tmut           ###.....     2%          2    ###....
c - Spider Form           Tmut/Pois      ###.......   7%          3    ###....


Dungeon Overview and Level Annotations

Branches:
Dungeon (4/15)
 Temple: D:4-7

Altars:
Hepliaklqana
Okawaru
Ru
Xom

Annotations:
D:4 manyhoops's ghost, novice DrMo


Innate Abilities, Weirdness & Mutations

You can breathe blasts of fire.
Your fiery red scales are hard. (AC +6)
You cannot fit into any form of body armour.
Your flesh is heat resistant. (rF+)
You are cold-blooded and may be slowed by cold attacks.
Your tail ends in a poisonous barb.
Your flesh is cold resistant. (rC+)
You are resistant to hostile enchantments. (MR+)


Message History

You fail to use your ability.
Press: ? - help, Shift-Dir - straight line, f/p - ogre
Aim: an ogre, wielding a giant club You breathe a blast of fire.
The fiery breath misses the ogre.
You are feeling very hungry.
The ogre hits you with a giant club!!
* * * LOW HITPOINT WARNING * * *
There is a stone staircase leading up here.
The ogre misses you.
You have got your breath back.
The ogre barely misses you.
There is a stone staircase leading up here.
You see here a ring mail.
There is a stone staircase leading up here.
The ogre hits you with a giant club!!
* * * LOW HITPOINT WARNING * * *
You see here a ring mail.
There is a stone staircase leading up here.
The ogre hits you with a giant club!
You die...

.#............#.#.##.#..........#
.#.###.###....#.#.##.#.#.####.###
.#.# #.# ##...#..................
.#.###.####...###.##.#######.####
.........................[>#.#...
.#####.#####..##..##.##.####.#.##
.# #.# #..##...............#
######.######.##[..#.##.####.###
............!..O@..............#
######.######..#....###......#.##
#.# #(.#................. #.#
#............#####.##
#.#######.#.######..### #.#
######.....................# #.#
..........####.#.######..#.# #.#
........#.#......######..#.# #.#
........#.#.##...........#.# #.#


You could see an ogre.

Vanquished Creatures
  Sigmund (D:2)
  A sky beast (D:4)
  A scorpion (D:4)
  A howler monkey (D:4)
  A crimson imp (D:4)
  4 worker ants (D:4)
  3 adders
  An ooze (D:2)
  3 worms (D:4)
  A leopard gecko (D:4)
  6 orcs
  7 giant cockroaches
  10 goblins
  8 hobgoblins
  12 jackals
  4 quokkas
  5 bats
  4 frilled lizards
  4 kobolds
  6 rats
83 creatures vanquished.

Notes
Turn   | Place    | Note
-------+----------+-------------------------------------------
     0 | D:1      | polve the Draconian Transmuter began the quest for the Orb.
     0 | D:1      | Reached XP level 1. HP: 16/16 MP: 3/3
   270 | D:1      | Reached XP level 2. HP: 19/23 MP: 5/5
   665 | D:1      | Reached skill level 3 in Transmutations
   792 | D:2      | Learned a level 2 spell: Sticks to Snakes
   819 | D:2      | Found a sacrificial altar of Ru.
  1245 | D:2      | Reached XP level 3. HP: 24/28 MP: 4/6
  1250 | D:2      | Learned a level 3 spell: Spider Form
  1425 | D:2      | Reached skill level 1 in Poison Magic
  1723 | D:2      | Noticed Sigmund
  1769 | D:2      | HP: 1/28 [Sigmund/puff of flame (13)]
  2077 | D:2      | Killed Sigmund
  2077 | D:2      | Reached XP level 4. HP: 31/35 MP: 4/7
  2077 | D:2      | Reached XP level 5. HP: 36/40 MP: 4/8
  2876 | D:3      | Reached skill level 4 in Transmutations
  3120 | D:3      | Found a shimmering altar of Xom.
  3142 | D:3      | Found a hazy altar of Hepliaklqana.
  3145 | D:3      | Found an iron altar of Okawaru.
  3153 | D:3      | Became a worshipper of Warmaster Okawaru
  3279 | D:4      | Noticed manyhoops's ghost (novice DrMo)
  3720 | D:4      | Reached XP level 6. HP: 36/47 MP: 9/9
  4303 | D:4      | Reached skill level 5 in Transmutations
  5720 | D:4      | Noticed a sky beast
  5754 | D:4      | Killed a sky beast
  5754 | D:4      | Reached skill level 6 in Transmutations
  5754 | D:4      | Your scales start taking on a fiery red colour.
  5754 | D:4      | Reached XP level 7. HP: 11/52 MP: 3/10
  5754 | D:4      | Gained mutation: Your flesh is heat resistant. (rF+) [Red Draconian growth]
  5759 | D:4      | Gained mutation: You are resistant to hostile enchantments. (MR+) [mutagenic meat]
  5760 | D:4      | Gained mutation: Your tail ends in a poisonous barb. [mutagenic meat]
  5761 | D:4      | Gained mutation: Your flesh is cold resistant. (rC+) [mutagenic meat]
  6128 | D:4      | Slain by an ogre

Skill      XL: |  1  2  3  4  5  6 |
---------------+-------------------+-----
Transmutations | 3 4 6 |  6.4
Poison Magic   | 4 |  4.4
Fighting       | |  1.1
Dodging        | |  1.7
Unarmed Combat | |  3.0
Spellcasting   | |  2.0

Action                   |  1- 3 |  4- 6 |  7- 9 || total
-------------------------+-------+-------+-------++-------
Melee: Unarmed           |   146 |   369 |    19 ||   534
       Tailslap          |     8 |    38 |     2 ||    48
       Headbutt          |     6 |    13 |     2 ||    21
       Punch             |       |     3 |     1 ||     4
 Cast: Beastly Appendage |     9 |    17 |     1 ||    27
       Spider Form       |     1 |     7 |       ||     8
 Abil: Breathe Fire      |       |       |     1 ||     1
  Use: Potion            |     1 |     5 |       ||     6
       Scroll            |       |     3 |       ||     3
 Stab: Invisible         |       |     3 |       ||     3
       Sleeping          |       |     1 |       ||     1
  Eat: Chunk             |     3 |    14 |     4 ||    21
Armor: Skin              |    54 |   100 |     2 ||   156
Dodge: Dodged            |   102 |   208 |    10 ||   320
